 Dungeon Crawl Stone Soup version 0.29.1-2-gbd0b4ee654 (webtiles) character file.

Game seed: 5148225500439248658

1114 Peloso the Covered (level 8, -1/70 HPs)
             Began as a Minotaur Fighter on Nov 30, 2022.
             Slain by an orc warrior
             ... wielding a +0 flail
              (7 damage)
             ... on level 6 of the Dungeon.
             The game lasted 00:06:42 (5632 turns).

Peloso the Covered (Minotaur Fighter)               Turns: 5632, Time: 00:06:43

Health: -1/70      AC: 13    Str: 21    XL:     8   Next: 12%
Magic:  7/7        EV:  6    Int:  5    God:
Gold:   318        SH:  5    Dex: 12    Spells: 7/7 levels left

rFire   + . .      SeeInvis +   a - +0 long sword
rCold   + . .      Faith    .   c - +0 buckler
rNeg    . . .      Spirit   .   m - +0 plate armour
rPois   .          Reflect  .   (helmet restricted)
rElec   .          Harm     .   x - scarf {rC+ rF+}
rCorr   .          Rampage  .   (no gloves)
Will    .....                   (no boots)
Stlth   ..........              (no amulet)
HPRegen 0.21/turn               h - ring of see invisible
MPRegen 0.10/turn               (no ring)

@: no status effects
A: horns 2, retaliatory headbutt
a: no special abilities


You were on level 6 of the Dungeon.
You visited 2 branches of the dungeon, and saw 7 of its levels.

You collected 318 gold pieces.

Inventory:

Hand Weapons
 a - a +0 long sword (weapon)
Armour
 b - a +0 scale mail
 c - a +0 buckler (worn)
 m - a +0 plate armour (worn)
 t - a +1 cloak
 v - +0 fire dragon scales
 x - a scarf of resistance (worn)
Jewellery
 h - a ring of see invisible (left hand)
Scrolls
 e - a scroll of blinking {unknown}
 g - 3 scrolls of immolation {unknown}
 i - 2 scrolls of enchant armour {unknown}
 j - 4 scrolls of teleportation {unknown}
 l - a scroll of torment {unknown}
 p - a scroll of enchant weapon {unknown}
 q - a scroll of magic mapping {unknown}
 s - a scroll of butterflies {unknown}
 w - 2 scrolls of silence {unknown}
 y - 2 scrolls of poison {unknown}
Potions
 d - a potion of might
 f - 3 potions of heal wounds
 k - a potion of curing
 n - 2 potions of brilliance
 o - a potion of lignification {unknown}
 r - 2 potions of attraction {unknown}
 u - a potion of mutation {unknown}
 z - a potion of flight {unknown}


   Skills:
 + Level 5.8 Fighting
 + Level 7.3 Long Blades
 + Level 7.4 Armour
 + Level 1.2 Dodging
 + Level 5.5 Shields


You had 7 spell levels left.
You didn't know any spells.
Your spell library contained the following spells:

 Spells                   Type           Power      Damage    Failure   Level
 Foxfire                  Conj/Fire      0%         2x1d4     100%        1
 Summon Small Mammal      Summ           0%         N/A       100%        1
 Call Canine Familiar     Summ           0%         N/A       100%        3
 Portal Projectile        Hex/Tloc       0%         N/A       100%        3
 Summon Guardian Golem    Hex/Summ       0%         N/A       100%        3
 Tukima's Dance           Hex            0%         N/A       100%        3
 Blade Hands              Tmut           0%         N/A       100%        5
 Fireball                 Conj/Fire      0%         3d3       100%        5
 Freezing Cloud           Conj/Ice/Air   0%         6-21      100%        5
 Malign Gateway           Summ/Tloc      0%         N/A       100%        7
 Summon Horrible Things   Summ           0%         N/A       100%        8
 Chain Lightning          Conj/Air       0%         N/A       100%        9


Dungeon Overview and Level Annotations

Branches:
Dungeon (6/15)             Temple (1/1) D:4

Altars:
Ashenzari
Cheibriados
Dithmenos
Elyvilon
Fedhas
Hepliaklqana
Kikubaaqudgha
Makhleb
Nemelex Xobeh
Trog
Wu Jian
Xom
Yredelemnul
Zin
The Shining One

Shops:
D:2 !


Innate Abilities, Weirdness & Mutations

You have a pair of horns on your head.
You reflexively headbutt those who attack you in melee.


Message History

The orc warrior is moderately wounded.
The orc warrior hits you but does no damage.
You hit the orc warrior.
The orc warrior is moderately wounded.
The orc warrior hits you with a +0 flail.
You hit the orc warrior but do no damage.
You headbutt the orc warrior, but do no damage.
The orc warrior is moderately wounded.
You block the orc warrior's attack.
You hit the orc warrior.
The orc warrior is moderately wounded.
The orc warrior hits you with a +0 flail!
You closely miss the orc warrior.
The orc warrior is moderately wounded.
The orc warrior hits you with a +0 flail!
* * * LOW HITPOINT WARNING * * *
You hit the orc warrior.
The orc warrior is heavily wounded.
The orc warrior barely misses you.
You hit the orc warrior but do no damage.
The orc warrior is heavily wounded.
You block the orc warrior's attack.
You completely miss the orc warrior.
The orc warrior is heavily wounded.
You block the orc warrior's attack.
You closely miss the orc warrior.
The orc warrior is heavily wounded.
The orc warrior hits you but does no damage.
You block the orc warrior's attack.
You slash the orc warrior!
The orc warrior is almost dead.
The orc warrior barely misses you.
You hit the orc warrior.
The orc warrior is almost dead.
The orc warrior hits you with a +0 flail!
* * * LOW HITPOINT WARNING * * *
You hit the orc warrior.
The orc warrior is almost dead.
The orc warrior hits you with a +0 flail!
You die...

..#...#...#...#
...#...
#.....#.###.#.
#.###.#
##...###...###.
##...##
#.###.#.....# #
#.....# .
#...#...#...#
..#...#.
#...##### ..# .
#####. #.
#...#...#...#
#.
#.###.#..o..#
#.....#
##...###@.[##
##...##
#.....#.###.#
#.### #
#.#...#...# .#
. #... #
#####...# #
#... #...# #...
.#.## ##.#
.###. . # ## ##
##


You could see an orc warrior.

Vanquished Creatures
  2 ice beasts
  An orc warrior (D:6)
  2 black bears
  An ogre (D:4)
  A centaur (D:6)
  A phantom (D:5)
  A necrophage (D:6)
  A howler monkey (D:3)
  4 hounds
  2 orc priests (D:3)
  Crazy Yiuf (D:3)
  4 adders
  2 ufetubi
  A worm (D:4)
  3 dart slugs
  11 orcs
  8 endoplasms
  3 giant cockroaches
  7 goblins
  7 hobgoblins
  6 kobolds
  A quokka (D:2)
  6 ball pythons
  3 bats
  5 frilled lizards
  7 rats
91 creatures vanquished.

Notes
Turn   | Place    | Note
-------+----------+-------------------------------------------
     0 | D:1      | Peloso the Minotaur Fighter began the quest for the Orb.
     0 | D:1      | Reached XP level 1. HP: 19/19 MP: 0/0
   310 | D:1      | Reached XP level 2. HP: 27/27 MP: 1/1
   884 | D:1      | Reached XP level 3. HP: 33/33 MP: 2/2
  1278 | D:2      | Found Royhonur's Distillery.
  1679 | D:2      | Reached XP level 4. HP: 21/41 MP: 3/3
  2185 | D:3      | Reached XP level 5. HP: 4/47 MP: 4/4
  2512 | D:3      | Found a faded altar of an unknown god.
  2544 | D:3      | Reached skill level 1 in Dodging
  2969 | D:3      | Found a runed translucent door.
  2970 | D:3      | Noticed Crazy Yiuf
  3253 | D:3      | Killed Crazy Yiuf
  3254 | D:3      | Reached skill level 5 in Armour
  3513 | D:4      | Noticed an ogre
  3521 | D:4      | Killed an ogre
  3522 | D:4      | Reached skill level 5 in Fighting
  3522 | D:4      | Reached XP level 6. HP: 8/56 MP: 5/5
  3808 | D:4      | Found a staircase to the Ecumenical Temple.
  3841 | Temple   | Entered the Ecumenical Temple
  3915 | D:4      | Got Ilorirph's Encyclopedia of Confrontation
  4195 | D:5      | Entered Level 5 of the Dungeon
  4294 | D:5      | Reached skill level 5 in Long Blades
  4422 | D:5      | Noticed an ice beast
  4427 | D:5      | Killed an ice beast
  4428 | D:5      | Reached XP level 7. HP: 61/61 MP: 6/6
  5142 | D:6      | Reached skill level 5 in Shields
  5554 | D:6      | Reached XP level 8. HP: 70/70 MP: 7/7
  5632 | D:6      | Slain by an orc warrior

Illustrated notes

Levels and vault maps discovered:
D:1:      wander_arrival_lonely_grave, layout_loops_corners, minmay_hexomino_f4
D:2:      layout_basic, serial_shops,
          nicolae_shop_temple_entry_statues_fountains
D:3:      layout_basic, ebering_ecumenical_altar_box, uniq_crazy_yiuf_cottage
D:4:      nicolae_cairo_tiling_large_dashed, layout_cave_pools,
          minmay_temple_entry_purple_smoke
D:5:      layout_basic
D:6:      nicolae_cairo_tiling, layout_gridville, kennysheep_orc_sif_temple
Temple:   eino_wide_crystal_templ

Skill      XL: |  1  2  3  4  5  6  7 |
---------------+----------------------+-----
Fighting       | 4 5 |  5.8
Shields        | 4 5 |  5.5
Armour         | 4 5 6 7 |  7.4
Long Blades    | 3 4 5 7 |  7.3
Dodging        | 1 |  1.2

Action                   |  1- 3 |  4- 6 |  7- 9 || total
-------------------------+-------+-------+-------++-------
Melee: Long sword        |   102 |    86 |    90 ||   278
       Headbutt          |    11 |    25 |    11 ||    47
  Use: Scroll            |     2 |     1 |       ||     3
       Potion            |       |     1 |       ||     1
Armor: Scale mail        |    35 |       |       ||    35
       Plate armour      |    11 |    49 |    61 ||   121
Dodge: Dodged            |    46 |    30 |    26 ||   102
Block: Buckler           |    32 |    22 |    38 ||    92
